 Dungeon Crawl Stone Soup version 0.23-a0-767-gdc19b93d68 (webtiles) character file.

303 Hercules1031 the Cudgeler (level 6, -9/61 HPs)
             Began as a Troll Monk on Jan 19, 2019.
             Was a Believer of Makhleb.
             Mangled by an ogre
             ... wielding a +0 giant spiked club
              (12 damage)
             ... on level 3 of the Dungeon.
             The game lasted 00:06:44 (2758 turns).

Hercules1031 the Cudgeler (Troll Monk)              Turns: 2758, Time: 00:06:45

Health: -9/61      AC:  5    Str: 22      XL:     6   Next: 15%
Magic:  5/5        EV: 11    Int:  3 (6)  God:    Makhleb [**....]
Gold:   161        SH:  0    Dex:  9 (12) Spells: 5/5 levels left

rFire    . . .     SeeInvis .   a - +0 mace
rCold    . . .     Gourm    +   (no shield)
rNeg     . . .     Faith    .   b - +0 robe
rPois    +         Spirit   .   (helmet restricted)
rElec    .         Reflect  .   (no cloak)
rCorr    .         Harm     .   (gloves unavailable)
MR       .....                  (boots unavailable)
Stlth    +.........             (no amulet)
HPRegen  0.60/turn              e - ring of poison resistance
MPRegen  0.09/turn              (no ring)

@: hasted, very quick
A: large, unfitting armour, claws 3, fast metabolism 3, gourmand, regeneration
1, shaggy fur 1, tough skin 2
a: Minor Destruction, Renounce Religion


You were on level 3 of the Dungeon.
You worshipped Makhleb.
Makhleb was pleased with you.
You were not hungry.

You visited 1 branch of the dungeon, and saw 4 of its levels.

You collected 161 gold pieces.

Inventory:

Hand Weapons
 a - a +0 mace (weapon)
Armour
 b - a +0 robe (worn)
Jewellery
 e - a ring of poison resistance (left claw)
 f - a +2 ring of intelligence {unknown}
 h - an uncursed amulet of harm {unknown}
Comestibles
 c - 2 rations


   Skills:
 + Level 3.4 Fighting
 * Level 4.9 Maces & Flails
 + Level 3.5 Dodging
 - Level 1.0 Stealth


You had 5 spell levels left.
You didn't know any spells.
Your spell library was empty.

Dungeon Overview and Level Annotations

Branches:
Dungeon (4/15)
 Temple: D:4-7

Altars:
Gozag
Kikubaaqudgha
Makhleb
Nemelex Xobeh


Innate Abilities, Weirdness & Mutations

You are too large for most types of armour.
You have claws for hands.
Your metabolism is lightning-fast.
You like to eat raw meat.
Your natural rate of healing is unusually fast.
You are covered in fur. (AC +1)
You have very tough skin. (AC +2)


Message History

You climb downwards.
The orc hits you with a +0 flail.
The ogre hits you with a +0 giant spiked club!
The orc throws a tomahawk.
The tomahawk hits you.
There is a stone staircase leading up, spattered with blood here.
You see here 4 tomahawks.
The orc hits you with a +0 flail.
The ogre hits you with a +0 giant spiked club!!
Ouch! That really hurt!
* * * LOW HITPOINT WARNING * * *
You hear a shout!
You climb upwards.
There is a stone staircase leading down, spattered with blood here.
You feel yourself speed up. The orc barely misses you.
You sock the ogre!
The ogre is heavily wounded.
The ogre barely misses you. The orc barely misses you.
You sock the ogre!
The ogre is severely wounded.
The ogre hits you with a +0 giant spiked club!
You die...

#....................
#.###################
#.# # #.# # #.# # #.#
# #<# #
#.###################
#.##@†...............
#.##Oo...............
#.##.################
#.##.# #
##########.##.#
#<.........##.#
#############.# ###
#.# #<# #.# #.#


You could see an ogre and an orc.

Vanquished Creatures
  Sigmund (D:2)
  A worker ant (D:3)
  A gnoll (D:2)
  4 adders (D:3)
  3 worms
  3 leopard geckos
  4 orcs
  2 giant cockroaches (D:3)
  4 goblins
  4 hobgoblins
  6 jackals
  5 kobolds
  3 quokkas (D:3)
  7 bats
  10 frilled lizards
  9 rats
67 creatures vanquished.

Notes
Turn   | Place    | Note
-------+----------+-------------------------------------------
     0 | D:1      | Hercules1031 the Troll Monk began the quest for the Orb.
     0 | D:1      | Reached XP level 1. HP: 22/22 MP: 0/0
   134 | D:1      | Reached skill level 3 in Maces & Flails
   134 | D:1      | Reached XP level 2. HP: 19/29 MP: 1/1
   491 | D:2      | Found an opulent altar of Gozag.
   491 | D:2      | Found an ancient bone altar of Kikubaaqudgha.
   491 | D:2      | Noticed Sigmund
   492 | D:2      | Found a burning altar of Makhleb.
   725 | D:2      | Reached XP level 3. HP: 36/36 MP: 2/2
  1020 | D:2      | Became a worshipper of Makhleb the Destroyer
  1020 | D:2      | Reached * piety under Makhleb
  1020 | D:2      | Reached ** piety under Makhleb
  1061 | D:2      | HP: 1/36 [Sigmund/magic dart (7)]
  1062 | D:2      | Killed Sigmund
  1062 | D:2      | Reached skill level 4 in Maces & Flails
  1062 | D:2      | Reached XP level 4. HP: 1/45 MP: 3/3
  1062 | D:2      | Reached XP level 5. HP: 1/53 MP: 4/4
  2139 | D:3      | Found a sparkling altar of Nemelex Xobeh.
  2677 | D:3      | Reached XP level 6. HP: 58/61 MP: 5/5
  2754 | D:4      | HP: 1/61 [ogre/+0 giant spiked club (33)]
  2758 | D:3      | Mangled by an ogre

Vault maps used:
D:1:      dpeg_arrival_prison, minmay_lizard_king
D:2:      grunt_temple_overflow_open, first_ration, cheibrodos_gnoll_hut,
          uniq_sigmund
D:3:      overflow_temple_1_default
D:4:      okawaru_ov_weapons_minmay, lemuel_coloured_pillars_altar,
          nicolae_ru_sacrificial_ziggurat, nicolae_overflow_hidden_temple,
          temple_hall, minmay_increasing_density

Skill      XL: |  1  2  3 |
---------------+----------+-----
Maces & Flails | 3 4 |  4.9
Fighting       | 3 |  3.4
Dodging        | 3 |  3.5
Stealth        | |  1.0

Action                   |  1- 3 |  4- 6 || total
-------------------------+-------+-------++-------
Melee: Mace              |   116 |   141 ||   257
  Use: Scroll            |     2 |     2 ||     4
       Potion            |     1 |     3 ||     4
 Stab: Sleeping          |     1 |       ||     1
  Eat: Chunk             |     5 |       ||     5
       Ration            |     2 |     5 ||     7
Armor: Robe              |    93 |    58 ||   151
Dodge: Dodged            |   122 |   108 ||   230

Table legend:
 A = Non-vault XP
 B = Vault XP
 C = Vault XP percentage of total XP
 D = Non-vault monster count
 E = Vault monster count
 F = Vault count percentage of total count
                 A         B        C        D         E       F
            +---------+---------+-------+---------+---------+-------
      Total |     180 |     254 |  58.5 |      52 |      15 |  22.4
            +---------+---------+-------+---------+---------+-------
        D:1 |      21 |      13 |  38.2 |      14 |      11 |  44.0
        D:2 |      20 |     241 |  92.3 |      10 |       4 |  28.6
        D:3 |     136 |       0 |   0.0 |      27 |       0 |   0.0
        D:4 |       3 |       0 |   0.0 |       1 |       0 |   0.0
            +---------+---------+-------+---------+---------+-------
